 Dungeon Crawl Stone Soup version 0.32-a0-485-g70f7560b1c (webtiles) character file.

Game seed: 16350081863513395034

58 javelincjr the Grasshopper (level 3, -4/28 HPs)
             Began as a Demonspawn Warper on Feb 26, 2024.
             Slain by a gnoll
             ... wielding a +0 flail
              (10 damage)
             ... on level 2 of the Dungeon.
             The game lasted 00:03:17 (1375 turns).

javelincjr the Grasshopper (Demonspawn Warper)      Turns: 1375, Time: 00:03:17

Health: -4/28      AC:  3    Str: 13    XL:     3   Next: 75%
Magic:  6/6        EV: 13    Int: 13    God:
Gold:   121        SH:  4    Dex: 12    Spells: 2/6 levels left

rFire   . . .        a - +0 spear
rCold   . . .        (no shield)
rNeg    . . .        b - +0 leather armour
rPois   .            (no helmet)
rElec   .            (no cloak)
rCorr   .            (no gloves)
SInv    .            (no boots)
Will    .....        (no amulet)
Stlth   +            (no ring)
HPRegen 0.24/turn    (no ring)
MPRegen 0.10/turn

%: no passive effects
@: no status effects
A: repulsion field 1, condensation shield
a: no special abilities


You were on level 2 of the Dungeon.
You visited 1 branch of the dungeon, and saw 2 of its levels.

You collected 121 gold pieces.

Inventory:

Hand Weapons
 a - a +0 spear (weapon)
Missiles
 d - 5 darts of dispersal (quivered)
Armour
 b - a +0 leather armour (worn)
Scrolls
 c - 2 scrolls of blinking
 g - a scroll of revelation {unknown}
 h - a scroll of immolation {unknown}
 j - a scroll of acquirement {unknown}
Potions
 e - a potion of curing {unknown}
 f - a potion of lignification {unknown}
 i - a potion of ambrosia {unknown}


   Skills:
 * Level 2.6 Fighting
 + Level 2.1 Polearms
 - Level 0.8 Throwing
 + Level 1.3 Armour
 + Level 2.0 Dodging
 + Level 2.2 Spellcasting
 * Level 3.2 Translocations


You had 2 spell levels left.
You knew the following spells:

 Your Spells              Type           Power      Damage    Failure   Level
a - Blink                 Tloc           18%        N/A       13%         2
b - Lesser Beckoning      Tloc           18%        N/A       13%         2

Your spell library contained the following spells:

 Spells                   Type           Power      Damage    Failure   Level
 Teleport Other           Tloc           9%         N/A       26%         3
 Manifold Assault         Tloc           9%         N/A       63%         4
 Vhi's Electric Charge    Tloc/Air       10%        N/A       85%         4


Dungeon Overview and Level Annotations

Branches:
Dungeon (2/15)

Altars:

Shops:
D:2 :


Innate Abilities, Weirdness & Mutations

You are surrounded by a mild repulsion field. (EV +2)
A meltable shield of frost defends you. (SH +4)


Message History

The gnoll hits you with a +0 club!
The gnoll hits you from afar with a +0 spear.
You are too injured to fight recklessly!
You are too injured to fight recklessly!
You are too injured to fight recklessly!
Throw: 6 darts (disperse)
Press: ? - help, Q - select action, (/) - cycle Shift-Dir - straight line, f - gnoll, p - gnoll
Aim: a gnoll, wielding a +0 spear (58% to hit)
You throw a dart of dispersal.
The dart of dispersal barely misses the gnoll.
The dart of dispersal closely misses the gnoll.
The dart of dispersal hits the gnoll.
The gnoll blinks!
The gnoll barely misses you.
The gnoll hits you from afar with a +0 spear.
You hit the gnoll.
The gnoll is heavily wounded.
The gnoll closely misses you. The gnoll completely misses you.
You closely miss the gnoll.
The gnoll is heavily wounded.
You block the gnoll's attack. The gnoll misses you.
The gnoll closely misses you.
You hit the gnoll.
The gnoll is severely wounded.
You block the gnoll's attack. The gnoll hits you with a +0 club.
The gnoll barely misses you.
You hit the gnoll.
The gnoll is almost dead.
You block the gnoll's attack. The gnoll misses you.
The gnoll closely misses you.
You hit the gnoll.
You kill the gnoll!
The gnoll barely misses you. You block the gnoll's attack.
The gnoll attacks as it pursues you! The gnoll barely misses you.
The gnoll hits you with a +0 spear.
* * * LOW HITPOINT WARNING * * *
Things that are here:
a +0 club; a gnoll corpse You barely miss the gnoll.
The gnoll hits you with a +0 flail!
You die...

#.###+#.## #........+
#.......# #.......#
#.......# #.......#
#.......# #######..
#.......###########........
#.#..........g@g..'...>....
#.#################........
#.........# #........
#########.# #..g.....
#...#.# #........ ###...#.#
#........ #.....#.#
#.......~ #.....#'##
#.......~ #........#


You could see 2 gnolls.

Vanquished Creatures
  A gnoll (D:2)
  An adder (D:2)
  3 ball pythons
  3 endoplasms
  2 giant cockroaches
  5 goblins
  3 hobgoblins (D:1)
  4 jackals (D:1)
  3 kobolds (D:1)
  4 quokkas
  A bat (D:1)
  A frilled lizard (D:1)
  A rat (D:1)
32 creatures vanquished.

Notes
Turn   | Place    | Note
-------+----------+-------------------------------------------
     0 | D:1      | javelincjr the Demonspawn Warper began the quest for the
                  | Orb.
     0 | D:1      | Reached XP level 1. HP: 16/16 MP: 3/3
   145 | D:1      | Reached skill level 1 in Armour
   302 | D:1      | Gained mutation: A meltable shield of frost defends you.
                  | (SH +4) [demonic ancestry]
   302 | D:1      | Reached XP level 2. HP: 14/22 MP: 5/5
   333 | D:1      | Reached skill level 3 in Translocations
   377 | D:1      | Learned a level 2 spell: Blink
   380 | D:1      | Learned a level 2 spell: Lesser Beckoning
   658 | D:1      | Found a faded altar of an unknown god.
   947 | D:1      | Gained mutation: You are surrounded by a mild repulsion
                  | field. (EV +2) [demonic ancestry]
   947 | D:1      | Reached XP level 3. HP: 27/28 MP: 6/6
  1189 | D:2      | Found Fyemi's Book Emporium.
  1375 | D:2      | Slain by a gnoll

Illustrated notes

Levels and vault maps discovered:
D:1:      heliophobic_arrival_henge, layout_loops_corners,
          hellmonk_ecumenical_altar_dog_temple, nicolae_houndstooth_variations
D:2:      layout_basic, serial_shops, shop, roderic_cross_of_infinity,
          chequers_serial_rivers_small_a, chequers_serial_rivers_small_a,
          grunt_ministairs_8, uniq_jessica, uniq_natasha

Skill      XL: |  1  2  3 |
---------------+----------+-----
Armour         | 1 |  1.3
Translocations | 3 |  3.2
Polearms       | 2 |  2.1
Dodging        | 2 |  2.0
Fighting       | |  2.6
Throwing       | |  0.8
Spellcasting   | |  2.2

Action                     || total
---------------------------++-------
  Melee: Spear             ||   120
  Throw: Dart              ||     2
   Stab: Sleeping          ||     1
 Armour: Leather armour    ||    50
  Dodge: Dodged            ||    41
  Block: Other             ||    13

Table legend: (Time is in decaauts)
 A = Elapsed time spent in this place.
 B = Non-inter-level travel time spent in this place.
 C = Inter-level travel time spent in this place.
 D = Time resting spent in this place.
 E = Time spent auto-exploring this place.
 F = Levels seen in this place.
 G = Mean time per level.
                   A        B        C        D        E       F      G
               +--------+--------+--------+--------+--------+-----+--------+
         Total |   1375 |   1359 |     16 |      0 |   1118 |   2 |  687.5 |
       Dungeon |   1375 |   1359 |     16 |      0 |   1118 |   2 |  687.5 |
               +--------+--------+--------+--------+--------+-----+--------+

Top non-repeatable levels by time:
     D:1: 1180 daAuts
     D:2: 194 daAuts
